 Dungeon Crawl Stone Soup version 0.20-a0-522-g0b37eee (webtiles) character file.

77 GlassEater the Skirmisher (level 4, -5/37 HPs)
             Began as a Merfolk Fighter on Jan 25, 2017.
             Was an Initiate of the Shining One.
             Slain by an orc
             ... wielding a +0 mace
              (8 damage)
             ... on level 3 of the Dungeon.
             The game lasted 00:04:50 (2477 turns).

GlassEater the Skirmisher (Merfolk Fighter)         Turns: 2477, Time: 00:04:51

Health: -5/37      AC:  4    Str: 21    XL:     4   Next: 34%
Magic:  4/4        EV: 10    Int:  7    God:    the Shining One [......]
Gold:   90         SH:  9    Dex: 14    Spells: 3/3 levels left

rFire    . . .     SeeInvis +   a - +0 trident
rCold    . . .     Gourm    .   j - +0 leather armour
rNeg     . . .     Faith    .   c - +0 shield
rPois    .         Spirit   .   q - +1 hat {SInv}
rElec    .         Reflect  .   (no cloak)
rCorr    .         Harm     .   (no gloves)
MR       .....                  (no boots)
Stlth    +.........             (no amulet)
Regen    0.2/turn               (no ring)
                                (no ring)

@: mighty, glowing
A: change form in water, swift swim, stealthy swim
a: Renounce Religion


You were on level 3 of the Dungeon.
You worshipped the Shining One.
The Shining One was noncommittal.
You were not hungry.

You visited 1 branch of the dungeon, and saw 3 of its levels.

You collected 90 gold pieces.

Inventory:

Hand Weapons
 a - a +0 trident (weapon)
Armour
 c - a +0 shield (worn)
 j - a +0 leather armour (worn)
 q - a +1 hat of see invisible (worn)
Wands
 o - a wand of digging (11/24)
Scrolls
 b - 2 scrolls of identify {unknown}
 k - a scroll of remove curse {unknown}
 l - a scroll of teleportation {unknown}
 m - a scroll of recharging {unknown}
Potions
 e - a potion of resistance {unknown}
 g - a potion of brilliance {unknown}
 h - a potion of curing {unknown}
 r - a potion of heal wounds {unknown}
Comestibles
 f - 5 bread rations
 i - a royal jelly
 n - a meat ration
 p - a chunk of flesh


   Skills:
 + Level 3.7 Fighting
 + Level 3.5 Polearms
 - Level 2.1 Armour
 * Level 2.9 Dodging
 * Level 3.7 Shields
 + Level 0.4 Invocations


You had 3 spell levels left.
You didn't know any spells.

Dungeon Overview and Level Annotations

Branches:
Dungeon (3/15)

Altars:
Xom
The Shining One


Message History

The orc priest is moderately wounded.
The orc priest hits you with a falchion.
You closely miss the orc priest.
The orc priest is moderately wounded.
You block the orc's attack. The orc priest misses you.
You barely miss the orc priest.
The orc priest is moderately wounded.
The orc priest closely misses you. The orc barely misses you.
You hit the orc priest but do no damage.
The orc priest is moderately wounded.
The orc priest calls down the wrath of Beogh upon you.
Pain shoots through your body!
* * * LOW HITPOINT WARNING * * *
The orc hits you with a mace.
* * * LOW HITPOINT WARNING * * *
You feel very mighty all of a sudden.
The orc priest hits you with a falchion.
* * * LOW HITPOINT WARNING * * *
The orc hits you with a mace!
You die...

.....#
####.#..#####
o......#.... .
.#.......>. ...
.........
....####.....#
#.....o...#
#...o@)..#
########.# #.#
######
####.###....#
#........####
####........#
........##(.####
####.##........#
#.##..#..#..#


You could see an orc priest and an orc.

Vanquished Creatures
  2 adders (D:2)
  A worm (D:2)
  2 dart slugs
  A leopard gecko (D:2)
  An orc (D:3)
  9 bats
  A giant cockroach (D:2)
  5 hobgoblins
  2 quokkas (D:2)
  2 frilled lizards (D:2)
  8 goblins
  8 kobolds
  7 rats
49 creatures vanquished.

Notes
Turn   | Place    | Note
-------+----------+-------------------------------------------
     0 | D:1      | GlassEater the Merfolk Fighter began the quest for the Orb.
     0 | D:1      | Reached XP level 1. HP: 18/18 MP: 1/1
   360 | D:1      | Reached skill level 1 in Dodging
   391 | D:1      | Found a glowing golden altar of the Shining One.
   406 | D:1      | Became a worshipper of the Shining One
   416 | D:1      | Reached XP level 2. HP: 24/24 MP: 2/2
  1312 | D:2      | Reached XP level 3. HP: 17/29 MP: 3/3
  1525 | D:2      | Found a shimmering altar of Xom.
  2206 | D:2      | Reached XP level 4. HP: 36/36 MP: 4/4
  2477 | D:3      | Slain by an orc

Vault maps used:
D:1:      lemuel_arrival_muddy, tso_metal_star
D:2:      lemuel_doored_altar, first_bread, glass_columns_b
D:3:      trog_wizard

Skill      XL: |  1  2  3 |
---------------+----------+-----
Dodging        | 1 2 |  2.9
Fighting       | |  3.7
Polearms       | |  3.5
Armour         | |  2.1
Shields        | |  3.7
Invocations    | |  0.4

Action                   |  1- 3 |  4- 6 || total
-------------------------+-------+-------++-------
Melee: Trident           |   139 |    31 ||   170
  Use: Potion            |       |     1 ||     1
  Eat: Chunk             |     3 |     2 ||     5
Armor: Leather armour    |    16 |     8 ||    24
Dodge: Dodged            |    63 |    10 ||    73
Block: Shield            |    95 |    14 ||   109
